 Dungeon Crawl Stone Soup version 0.31.0-9-g3a7656b989 (webtiles) character file.

Game seed: 12415525059487355507

200 qw the Skirmisher (level 5, -1/29 HPs)
             Began as a Deep Elf Hunter on Feb 2, 2024.
             Succumbed to a scorpion's poison
             ... on level 4 of the Dungeon.
             The game lasted 00:00:07 (2126 turns).

qw the Skirmisher (Deep Elf Hunter)                 Turns: 2126, Time: 00:00:08

Health: -1/29      AC:  7    Str: 10    XL:     5   Next: 48%
Magic:  7/7        EV: 11    Int: 16    God:
Gold:   173        SH:  0    Dex: 18    Spells: 4/4 levels left

rFire   + + .        a - +1 shortbow
rCold   . . .        (shield currently unavailable)
rNeg    + . .        j - +1 ring mail
rPois   .            (no helmet)
rElec   .            (no cloak)
rCorr   .            n - +0 pair of gloves of Seevvo {*Slow rF++ rN+ Int+2}
SInv    .            (no boots)
Will    .....        (no amulet)
Stlth   +            (no ring)
HPRegen 0.24/turn    (no ring)
MPRegen 0.10/turn

%: slow self (1%)
@: lethally poisoned (-1 -> -11)
A: no striking features
a: no special abilities


You were on level 4 of the Dungeon.
You visited 1 branch of the dungeon, and saw 4 of its levels.

You collected 173 gold pieces.


   Skills:
 + Level 1.5 Fighting
 - Level 9.0 Ranged Weapons
 - Level 2.4 Dodging
 - Level 1.2 Stealth


You had 4 spell levels left.
You didn't know any spells.
Your spell library was empty.

Inventory:

Hand Weapons
 a - a +1 shortbow (weapon)
Armour
 f - a +0 pair of gloves
 j - a +1 ring mail (worn)
 n - the +0 pair of gloves of Seevvo (worn) {*Slow rF++ rN+ Int+2}
   (You found it on level 3 of the Dungeon)

   Int+2:     It affects your intelligence (+2).
   rF++:      It greatly protects you from fire.
   rN+:       It protects you from negative energy.
   *Slow:     It may slow you when you take damage.
Scrolls
 k - 3 scrolls of teleportation
Potions
 d - 2 potions of mutation
 g - a potion of enlightenment
 h - a potion of resistance
 l - a potion of might {unknown}

Dungeon Overview and Level Annotations

Branches:
Dungeon (4/15)
 Temple: D:4-7

Altars:
Fedhas
Kikubaaqudgha

Shops:
D:4 :


Message History

Found a war axe.
A quokka comes into view.
Found a stone staircase leading up.
You shoot an arrow. The arrow hits the quokka!
You kill the quokka!
There is an entrance to Xaph's Self-Published Books here.
A scorpion comes into view.
You shoot an arrow. The arrow hits the scorpion.
The scorpion is lightly wounded.
You shoot an arrow. The arrow closely misses the scorpion.
The scorpion misses you.
The scorpion stings you but does no damage.
You shoot an arrow.
The arrow hits the scorpion but does no damage.
The scorpion is lightly wounded.
The scorpion closely misses you.
You shoot an arrow.
The arrow hits the scorpion but does no damage.
The scorpion is lightly wounded.
The scorpion stings you.
You are poisoned.
The scorpion poisons you!
You shoot an arrow. The arrow hits the scorpion!
The scorpion is severely wounded.
You feel very sick. The scorpion stings you.
You are lethally poisoned!
The scorpion poisons you! The scorpion stings you.
You shoot an arrow. The arrow hits the scorpion.
The scorpion is almost dead.
You feel very sick. The scorpion stings you.
You shoot an arrow. The arrow hits the scorpion.
You kill the scorpion!
You feel very sick.
Your Ranged Weapons skill increases to level 9!
There is a lethal amount of poison in your body!
You feel very sick.
There is a lethal amount of poison in your body!
You die...

#............
#.###########
#.## #
########..###
#
............#
#
###.).......#
#
....######..#
#
####.######.##
#####
#...@....##.#
#....
#.##.....##.#
#.###
#..\..##.# #.#
#.....##.# #.#
#........# #.#
#####.#### #<#
#.# ### ...
##..#


There were no monsters in sight!

Vanquished Creatures
  A scorpion (D:4)
  An orc priest (D:3)
  An orc wizard (D:3)
  3 adders
  A dart slug (D:2)
  A ribbon worm (D:2)
  6 orcs (D:3)
  4 bats
  4 endoplasms
  A giant cockroach (D:1)
  A goblin (D:1)
  8 hobgoblins
  4 kobolds
  5 quokkas
  5 ball pythons
  4 frilled lizards
  4 rats
54 creatures vanquished.

Notes
Turn   | Place    | Note
-------+----------+-------------------------------------------
     0 | D:1      | qw the Deep Elf Hunter began the quest for the Orb.
     0 | D:1      | Reached XP level 1. HP: 12/12 MP: 3/3
     0 | D:1      | 0 ||| qw: Version: 0.3-a-155-g5e7d8dd
     0 | D:1      | 0 ||| qw: Game counter: 1619
     0 | D:1      | 0 ||| qw: Melee chars always use a shield: true
     0 | D:1      | 0 ||| qw: God list: Okawaru
     0 | D:1      | 0 ||| qw: Allow faded altars: false
     0 | D:1      | 0 ||| qw: Do Orc after clearing Dungeon:15 true
     0 | D:1      | 0 ||| qw: Do second Lair branch before Depths: true
     0 | D:1      | 0 ||| qw: Lair rune preference: random
     0 | D:1      | 0 ||| qw: Goals: Normal
     0 | D:1      | 0 ||| PLANNING D:1-11
    91 | D:1      | Found a faded altar of an unknown god.
   120 | D:1      | Reached XP level 2. HP: 16/16 MP: 4/4
   170 | D:1      | Reached skill level 6 in Ranged Weapons
   396 | D:1      | 396 ||| UPGRADING to +0 pair of gloves.
   401 | D:1      | 401 ||| READING scroll labelled OCVAIB VIVIC.
   401 | D:1      | 401 ||| ENCHANTING +0 shortbow.
   402 | D:1      | 402 ||| DROPPING scroll of butterflies.
   579 | D:2      | Reached XP level 3. HP: 20/20 MP: 5/5
   615 | D:2      | HP: 5/20 [poisoned by an adder]
   824 | D:2      | Reached skill level 7 in Ranged Weapons
  1039 | D:2      | 1039 ||| UPGRADING to +0 ring mail.
  1049 | D:2      | 1049 ||| DROPPING +0 leather armour.
  1050 | D:2      | 1050 ||| READING scroll labelled VYUPSAISHE.
  1051 | D:2      | 1051 ||| READING scroll labelled FAGHI UCKUT.
  1051 | D:2      | 1051 ||| IDENTIFYING sedimented orange potion
  1052 | D:2      | 1052 ||| DRINKING 2 fuming dark potions.
  1192 | D:3      | Reached XP level 4. HP: 24/25 MP: 6/6
  1212 | D:3      | Reached skill level 8 in Ranged Weapons
  1377 | D:3      | Identified the +0 pair of gloves of Seevvo {*Slow rF++ rN+
                  | Int+2}
  1532 | D:3      | Reached XP level 5. HP: 29/29 MP: 7/7
  1696 | D:3      | Found an ancient bone altar of Kikubaaqudgha.
  1696 | D:3      | Found a blossoming altar of Fedhas.
  1990 | D:3      | 1990 ||| UPGRADING to +0 pair of gloves of Seevvo {*Slow
                  | rF++ rN+ Int+2}.
  2000 | D:3      | 2000 ||| READING 2 scrolls of identify.
  2000 | D:3      | 2000 ||| IDENTIFYING brown potion
  2001 | D:3      | 2001 ||| READING scroll of identify.
  2001 | D:3      | 2001 ||| IDENTIFYING sedimented yellow potion
  2002 | D:3      | 2002 ||| READING scroll labelled KEPPENLAYPP.
  2002 | D:3      | 2002 ||| ENCHANTING +0 ring mail.
  2003 | D:3      | 2003 ||| READING 4 scrolls labelled WOISYNUFYM.
  2007 | D:3      | 2007 ||| READING scroll labelled MYROERGH ZAXKI.
  2008 | D:3      | 2008 ||| DRINKING 3 sapphire potions.
  2009 | D:3      | 2009 ||| DROPPING potion of degeneration.
  2010 | D:3      | 2010 ||| DROPPING 2 potions of invisibility.
  2109 | D:4      | Found Xaph's Self-Published Books.
  2124 | D:4      | HP: 5/29 [poisoned by a scorpion]
  2125 | D:4      | Reached skill level 9 in Ranged Weapons
  2125 | D:4      | HP: 1/29 [poisoned by a scorpion]
  2126 | D:4      | Succumbed to a scorpion's poison

Levels and vault maps discovered:
D:1:      minmay_arrival_four_houses, layout_rooms, basic_ecumenical_altar
D:2:      layout_basic
D:3:      layout_loops_corners, grunt_temple_overflow_growth_and_decay,
          minmay_misc_feat_doors
D:4:      layout_basic, nicolae_elyvilon_temple_path, nicolae_custom_books,
          uniq_grinder, uniq_duvessa

Skill      XL: |  1  2  3  4  5 |
---------------+----------------+-----
Ranged Weapons | 6 7 8 9 |  9.0
Fighting       | |  1.5
Dodging        | |  2.4
Stealth        | |  1.2

Action                     |  1- 3 |  4- 6 || total
---------------------------+-------+-------++-------
   Fire: Shortbow          |    93 |    58 ||   151
    Use: Scroll            |     3 |     5 ||     8
         Potion            |     1 |     1 ||     2
 Armour: Leather armour    |    11 |       ||    11
         Ring mail         |     1 |    15 ||    16
  Dodge: Dodged            |    14 |     5 ||    19

Table legend:
 A = Non-vault XP
 B = Vault XP
 C = Vault XP percentage of total XP
 D = Non-vault monster count
 E = Vault monster count
 F = Vault count percentage of total count
                 A         B        C        D         E       F
            +---------+---------+-------+---------+---------+-------
      Total |     286 |       0 |   0.0 |      54 |       0 |   0.0
            +---------+---------+-------+---------+---------+-------
        D:1 |      29 |       0 |   0.0 |      16 |       0 |   0.0
        D:2 |      38 |       0 |   0.0 |      15 |       0 |   0.0
        D:3 |     137 |       0 |   0.0 |      21 |       0 |   0.0
        D:4 |      82 |       0 |   0.0 |       2 |       0 |   0.0
            +---------+---------+-------+---------+---------+-------
